TOP OF THE 1ST |
San Francisco Giants batting - Pitching for Washington Nationals : RHP Danny Diaz
|
Pitching: RHP Danny Diaz
|
|
Batting: RHB Jason May
|
0-0: Called Strike 0-1: Ball 1-1: Foul Ball, location: 2F 1-2: Foul Ball, location: 2F 1-2: Ball 2-2: Foul Ball, location: 2F 2-2: Fly out, F8 (Flyball, 8LXD, EV 85.0 MPH)
|
Batting: SHB Ryan Doss
|
0-0: Called Strike 0-1: Swinging Strike 0-2: Ball 1-2: Fly out, F4 (Flyball, 34D, EV 86.9 MPH)
|
Batting: LHB Jack Henningar
|
0-0: Called Strike 0-1: Called Strike 0-2: Ball 1-2: Ball 2-2: Ground out U3 (Groundball, 3L, EV 87.5 MPH)
|
Top of the 1st over - 0 runs, 0 hits, 0 errors, 0 left on base; San Francisco 0 - Washington 0 |
BOTTOM OF THE 1ST |
Washington Nationals batting - Pitching for San Francisco Giants : RHP Nicolas Coppola II
|
Pitching: RHP Nicolas Coppola II
|
|
Batting: SHB Andrew Wray II
|
0-0: Ball 1-0: Called Strike 1-1: Foul Ball, location: 2F 1-2: Foul Ball, location: 2F 1-2: Ball 2-2: Strikes out swinging
|
Batting: RHB C.J. Beavers
|
0-0: Called Strike 0-1: Ball 1-1: Ground out 6-3 (Groundball, 6, EV 81.9 MPH)
|
Batting: LHB R.J. O'Brien
|
0-0: Ball 1-0: Ball 2-0: Ball 3-0: Base on Balls
|
Batting: RHB John Sanders
|
0-0: Called Strike 0-1: Ball 1-1: Ball Wild Pitch! R.J. O'Brien to second 2-1: Fly out, F9 (Flyball, 9LS, EV 81.2 MPH)
|
Bottom of the 1st over - 0 runs, 0 hits, 0 errors, 1 left on base; San Francisco 0 - Washington 0 |
TOP OF THE 2ND |
San Francisco Giants batting - Pitching for Washington Nationals : RHP Danny Diaz
|
Batting: LHB Willis Robles
|
0-0: Foul Ball, location: 2F 0-1: Ball 1-1: Swinging Strike 1-2: Ball 2-2: Foul Ball, location: 2F 2-2: Foul Ball, location: 2F 2-2: Fly out, F5 (Popup, 56, EV 65.6 MPH)
|
Batting: RHB Sean Zielinski
|
0-0: Ball 1-0: Called Strike 1-1: Ball 2-1: Swinging Strike 2-2: Ball 3-2: Strikes out looking
|
Batting: RHB Jim Zucco
|
0-0: Ball 1-0: Called Strike 1-1: Ball 2-1: Swinging Strike 2-2: DOUBLE (Line Drive, 5D, EV 98.1 MPH)
|
Batting: RHB Nick Rigden
|
0-0: Ball 1-0: Called Strike 1-1: Ball 2-1: SINGLE (Flyball, 56D, EV 96.9 MPH) Jim Zucco to third Runner from 3rd tries for Home, SAFE, throw by LF to home
|
Batting: RHB Ray Llewellyn
|
0-0: Ball 1-0: Ground out 4-3 (Groundball, 4, EV 103.8 MPH)
|
Top of the 2nd over - 1 run, 2 hits, 0 errors, 1 left on base; San Francisco 1 - Washington 0 |
BOTTOM OF THE 2ND |
Washington Nationals batting - Pitching for San Francisco Giants : RHP Nicolas Coppola II
|
Batting: LHB Armando Carbajal
|
0-0: Ball 1-0: Ball 2-0: Called Strike 2-1: Swinging Strike 2-2: Strikes out swinging
|
Batting: SHB Junzo Kato
|
0-0: Called Strike 0-1: Ball 1-1: Fly out, F8 (Flyball, 8RD, EV 90.6 MPH)
|
Batting: RHB Luis Torres
|
0-0: Called Strike 0-1: Called Strike 0-2: Ball 1-2: Ball 2-2: Ball 3-2: Foul Ball, location: 2F 3-2: Strikes out swinging
|
Bottom of the 2nd over - 0 runs, 0 hits, 0 errors, 0 left on base; San Francisco 1 - Washington 0 |
TOP OF THE 3RD |
San Francisco Giants batting - Pitching for Washington Nationals : RHP Danny Diaz
|
Batting: SHB Ken Welch
|
0-0: Swinging Strike 0-1: Swinging Strike 0-2: Ball 1-2: Strikes out looking
|
Batting: RHB Jason May
|
0-0: Called Strike 0-1: Ball 1-1: Ball 2-1: Ground out 6-3 (Groundball, 56, EV 83.8 MPH)
|
Batting: SHB Ryan Doss
|
0-0: Ball 1-0: Called Strike 1-1: Ball 2-1: Foul Ball, location: 2F 2-2: Foul Ball, location: 2F 2-2: Foul Ball, location: 2F 2-2: Strikes out looking
|
Top of the 3rd over - 0 runs, 0 hits, 0 errors, 0 left on base; San Francisco 1 - Washington 0 |
BOTTOM OF THE 3RD |
Washington Nationals batting - Pitching for San Francisco Giants : RHP Nicolas Coppola II
|
Batting: LHB Yasahiko Teshima
|
0-0: Called Strike 0-1: Swinging Strike 0-2: Ball 1-2: Ball 2-2: Ground out 6-3 (Groundball, 6MD, EV 97.5 MPH)
|
Batting: RHB Mike Blair
|
0-0: Called Strike 0-1: Foul Ball, location: 2F 0-2: Foul Ball, location: 2F 0-2: Foul Ball, location: 2F 0-2: Ground out 1-3 (Groundball, 34S, EV 60.6 MPH)
|
Batting: SHB Andrew Wray II
|
0-0: Foul Ball, location: 2F 0-1: Foul Ball, location: 2F 0-2: Ball 1-2: Ball 2-2: Foul Ball, location: 2F 2-2: Ball 3-2: Foul Ball, location: 2F 3-2: Ground out 6-3 (Groundball, 6, EV 100.6 MPH)
|
Bottom of the 3rd over - 0 runs, 0 hits, 0 errors, 0 left on base; San Francisco 1 - Washington 0 |
TOP OF THE 4TH |
San Francisco Giants batting - Pitching for Washington Nationals : RHP Danny Diaz
|
Batting: LHB Jack Henningar
|
0-0: Foul Ball, location: 2F 0-1: Foul Ball, location: 2F 0-2: Ball 1-2: Fly out, F9 (Flyball, 9, EV 96.9 MPH)
|
Batting: LHB Willis Robles
|
0-0: Ball 1-0: Foul Ball, location: 2F 1-1: Ball 2-1: Ball 3-1: DOUBLE (Line Drive, 9LS, EV 95.6 MPH)
|
Batting: RHB Sean Zielinski
|
0-0: Called Strike 0-1: SINGLE (Line Drive, 7S, EV 106.9 MPH) Willis Robles to third Runner from 3rd tries for Home, SAFE, throw by LF to home
|
Batting: RHB Jim Zucco
|
0-0: Ball 1-0: Ball 2-0: Called Strike 2-1: Foul Ball, location: 2F 2-2: Fly out, F1 (Line Drive, P, EV 65.0 MPH)
|
Batting: RHB Nick Rigden
|
0-0: Called Strike 0-1: Called Strike 0-2: Ball 1-2: Ball 2-2: Foul Ball, location: 2F 2-2: Foul Ball, location: 2F 2-2: Strikes out swinging
|
Top of the 4th over - 1 run, 2 hits, 0 errors, 1 left on base; San Francisco 2 - Washington 0 |
BOTTOM OF THE 4TH |
Washington Nationals batting - Pitching for San Francisco Giants : RHP Nicolas Coppola II
|
Batting: RHB C.J. Beavers
|
0-0: Ball 1-0: Called Strike 1-1: Fly out, F2 (Popup, 23F, EV 83.1 MPH)
|
Batting: LHB R.J. O'Brien
|
0-0: Ball 1-0: Ground out 4-3 (Groundball, 4, EV 107.5 MPH)
|
Batting: RHB John Sanders
|
0-0: Hit by Pitch
|
Batting: LHB Armando Carbajal
|
0-0: SINGLE (Groundball, 6MD, EV 105.6 MPH) John Sanders to second Runner from 2nd tries for 3rd, SAFE, throw by CF made to third Armando Carbajal to second
|
Batting: SHB Junzo Kato
|
0-0: Called Strike 0-1: Ball 1-1: SINGLE (Groundball, 6S, EV 78.1 MPH) (infield hit) John Sanders scores Armando Carbajal to third
|
Batting: RHB Luis Torres
|
0-0: Ball 1-0: SINGLE (Line Drive, 4D, EV 98.8 MPH) Armando Carbajal scores Junzo Kato to second Runner from 2nd tries for 3rd, SAFE, throw by CF made to third
|
Batting: LHB Yasahiko Teshima
|
0-0: Ball 1-0: Ball 2-0: Called Strike 2-1: Hit by Pitch Luis Torres to second
|
Batting: RHB Mike Blair
|
0-0: Ball 1-0: Foul Ball, location: 2F 1-1: Called Strike 1-2: Ball 2-2: Foul Ball, location: 2F 2-2: Ball 3-2: Hit by Pitch Junzo Kato scores Luis Torres to third Yasahiko Teshima to second
|
Batting: SHB Andrew Wray II
|
0-0: Ball 1-0: Ball 2-0: Foul Ball, location: 2F 2-1: Ground out 4-3 (Groundball, 34D, EV 96.9 MPH)
|
Bottom of the 4th over - 3 runs, 3 hits, 0 errors, 3 left on base; San Francisco 2 - Washington 3 |
TOP OF THE 5TH |
San Francisco Giants batting - Pitching for Washington Nationals : RHP Danny Diaz
|
Batting: RHB Ray Llewellyn
|
0-0: Ball 1-0: Ball 2-0: Ball 3-0: Called Strike 3-1: Base on Balls
|
Batting: SHB Ken Welch
|
0-0: Ball 1-0: Ground out 6-3 (Groundball, 4, EV 97.5 MPH) Ray Llewellyn to second
|
Batting: RHB Jason May
|
0-0: Ball 1-0: 2-RUN HOME RUN (Flyball, 8LXD, EV 113.8 MPH), Distance : 434 ft
|
Batting: SHB Ryan Doss
|
0-0: Foul Ball, location: 2F 0-1: Called Strike 0-2: Strikes out swinging
|
Batting: LHB Jack Henningar
|
0-0: Ball 1-0: Foul Ball, location: 2F 1-1: Hit by Pitch
|
Batting: LHB Willis Robles
|
0-0: Swinging Strike 0-1: Ground out U3 (Groundball, 3L, EV 83.8 MPH)
|
Top of the 5th over - 2 runs, 1 hit, 0 errors, 1 left on base; San Francisco 4 - Washington 3 |
BOTTOM OF THE 5TH |
Washington Nationals batting - Pitching for San Francisco Giants : RHP Nicolas Coppola II
|
Batting: RHB C.J. Beavers
|
0-0: Ball 1-0: Ground out 6-3 (Groundball, 56D, EV 83.8 MPH)
|
Batting: LHB R.J. O'Brien
|
0-0: Ball 1-0: Ball 2-0: Ball 3-0: Called Strike 3-1: Called Strike 3-2: Foul Ball, location: 2F 3-2: Foul Ball, location: 2F 3-2: Base on Balls
|
Batting: RHB John Sanders
|
0-0: Ball 1-0: Called Strike 1-1: 2-RUN HOME RUN (Flyball, 78XD, EV 110.6 MPH), Distance : 420 ft
|
Pitching: RHP Ricky Rodriguez
|
|
Batting: LHB Armando Carbajal
|
0-0: Swinging Strike 0-1: Fly out, F8 (Line Drive, 8RD, EV 96.2 MPH)
|
Batting: SHB Junzo Kato
|
0-0: Fly out, F6 (Popup, 6MD, EV 54.4 MPH)
|
Bottom of the 5th over - 2 runs, 1 hit, 0 errors, 0 left on base; San Francisco 4 - Washington 5 |
TOP OF THE 6TH |
San Francisco Giants batting - Pitching for Washington Nationals : RHP Danny Diaz
|
Pitching: LHP Keith Pratt
|
|
Batting: RHB Sean Zielinski
|
0-0: Called Strike 0-1: Ball 1-1: Ball 2-1: Foul Ball, location: 2F 2-2: Foul Ball, location: 2F 2-2: Strikes out swinging
|
Batting: RHB Jim Zucco
|
0-0: Ball 1-0: Foul Ball, location: 2F 1-1: Ball 2-1: SOLO HOME RUN (Flyball, 89XD, EV 101.2 MPH), Distance : 383 ft
|
Batting: RHB Nick Rigden
|
0-0: Ball 1-0: Ball 2-0: Ball 3-0: Called Strike 3-1: Fly out, F8 (Line Drive, 8RD, EV 97.5 MPH)
|
Batting: RHB Ray Llewellyn
|
0-0: Ball 1-0: Ball 2-0: SINGLE (Flyball, 8LS, EV 91.9 MPH)
|
Batting: SHB Ken Welch
|
0-0: Called Strike 0-1: Ball Ray Llewellyn steals 2nd base 1-1: Ball 2-1: Swinging Strike 2-2: Strikes out swinging
|
Top of the 6th over - 1 run, 2 hits, 0 errors, 1 left on base; San Francisco 5 - Washington 5 |
BOTTOM OF THE 6TH |
Washington Nationals batting - Pitching for San Francisco Giants : RHP Ricky Rodriguez
|
Batting: RHB Luis Torres
|
0-0: Ground out 4-3 (Groundball, 4M, EV 83.1 MPH)
|
Batting: LHB Yasahiko Teshima
|
0-0: Ball 1-0: Ball 2-0: Called Strike 2-1: Foul Ball, location: 2F 2-2: Foul Ball, location: 2F 2-2: Ball 3-2: Foul Ball, location: 2F 3-2: Foul Ball, location: 2F 3-2: Foul Ball, location: 2F 3-2: Base on Balls
|
Batting: RHB Mike Blair
|
0-0: Ball 1-0: Called Strike Yasahiko Teshima is caught stealing 2nd base 2-4 1-1: Ball 2-1: Foul Ball, location: 2F 2-2: Ground out 5-3 (Groundball, 56, EV 105.0 MPH)
|
Bottom of the 6th over - 0 runs, 0 hits, 0 errors, 0 left on base; San Francisco 5 - Washington 5 |
TOP OF THE 7TH |
San Francisco Giants batting - Pitching for Washington Nationals : LHP Keith Pratt
|
Batting: RHB Jason May
|
0-0: Ball 1-0: Fly out, F6 (Popup, 15S, EV 90.6 MPH)
|
Batting: SHB Ryan Doss
|
0-0: Called Strike 0-1: Foul Ball, location: 2F 0-2: Ball 1-2: Ground out 4-3 (Groundball, 4M, EV 103.8 MPH)
|
Batting: LHB Jack Henningar
|
0-0: Ball 1-0: Ball 2-0: Ball 3-0: Fly out, F7 (Flyball, 7D, EV 104.4 MPH)
|
Top of the 7th over - 0 runs, 0 hits, 0 errors, 0 left on base; San Francisco 5 - Washington 5 |
BOTTOM OF THE 7TH |
Washington Nationals batting - Pitching for San Francisco Giants : RHP Ricky Rodriguez
|
Pitching: RHP Ben Sheets
|
|
Batting: SHB Andrew Wray II
|
0-0: Called Strike 0-1: Ball 1-1: Called Strike 1-2: DOUBLE (Flyball, 78XD, EV 100.0 MPH)
|
Batting: RHB C.J. Beavers
|
0-0: Ground out 4-3 (Groundball, 4, EV 106.2 MPH) Andrew Wray II to third
|
Batting: LHB R.J. O'Brien
|
0-0: Intentional Walk
|
Batting: RHB John Sanders
|
0-0: Ball 1-0: Ball 2-0: SINGLE (Line Drive, 7S, EV 105.6 MPH) Andrew Wray II scores R.J. O'Brien to second
|
Batting: LHB Armando Carbajal
|
0-0: Called Strike 0-1: Called Strike 0-2: Foul Ball, location: 2F 0-2: Fielders Choice at 2nd, 3-6 (Groundball, 3, EV 85.0 MPH) R.J. O'Brien to third
|
Batting: SHB Junzo Kato
|
0-0: Ball 1-0: Called Strike 1-1: Ground out 4-3 (Groundball, 4, EV 103.1 MPH)
|
Bottom of the 7th over - 1 run, 2 hits, 0 errors, 2 left on base; San Francisco 5 - Washington 6 |
TOP OF THE 8TH |
San Francisco Giants batting - Pitching for Washington Nationals : LHP Keith Pratt
|
Pitching: LHP Chris Baran
|
|
Now at 1B: Junzo Kato
|
|
Now at 3B: Masashi Yukizawa
|
|
Now in RF: Luis Ramos
|
|
Batting: LHB Willis Robles
|
0-0: Foul Ball, location: 2F 0-1: Ball 1-1: Swinging Strike 1-2: Strikes out swinging
|
Batting: RHB Sean Zielinski
|
0-0: Foul Ball, location: 2F 0-1: Ball 1-1: Called Strike 1-2: Ball 2-2: Fly out, F9 (Line Drive, 9, EV 92.5 MPH)
|
Batting: RHB Jim Zucco
|
0-0: Foul Ball, location: 2F 0-1: Ball 1-1: Ball 2-1: Swinging Strike 2-2: Strikes out swinging
|
Top of the 8th over - 0 runs, 0 hits, 0 errors, 0 left on base; San Francisco 5 - Washington 6 |
BOTTOM OF THE 8TH |
Washington Nationals batting - Pitching for San Francisco Giants : RHP Ben Sheets
|
Pitching: RHP Micah Teller
|
|
Batting: RHB Luis Torres
|
0-0: Ball 1-0: Called Strike 1-1: SOLO HOME RUN (Flyball, 7D, EV 96.9 MPH), Distance : 362 ft
|
Batting: RHB Luis Ramos
|
0-0: Ball 1-0: Ball 2-0: Called Strike 2-1: Ball 3-1: Ground out U3 (Groundball, 3S, EV 81.9 MPH)
|
Batting: RHB Mike Blair
|
0-0: Ball 1-0: Swinging Strike 1-1: Ball 2-1: Foul Ball, location: 2F 2-2: Foul Ball, location: 2F 2-2: Fly out, F9 (Flyball, 9S, EV 89.4 MPH)
|
Batting: SHB Andrew Wray II
|
0-0: Foul Ball, location: 2F 0-1: Ball 1-1: Foul Ball, location: 2F 1-2: Ball 2-2: Ball 3-2: Strikes out swinging
|
Bottom of the 8th over - 1 run, 1 hit, 0 errors, 0 left on base; San Francisco 5 - Washington 7 |
TOP OF THE 9TH |
San Francisco Giants batting - Pitching for Washington Nationals : LHP Chris Baran
|
Batting: RHB Nick Rigden
|
0-0: Ball 1-0: Ground out 6-3 (Groundball, 6, EV 81.2 MPH)
|
Batting: RHB Ray Llewellyn
|
0-0: Called Strike 0-1: Ball 1-1: Foul Ball, location: 2F 1-2: Foul Ball, location: 2F 1-2: Foul Ball, location: 2F 1-2: Ground out 4-3 (Groundball, 34, EV 83.8 MPH)
|
Batting: SHB Ken Welch
|
0-0: Ball 1-0: Swinging Strike 1-1: Foul Ball, location: 2F 1-2: Foul Ball, location: 2F 1-2: Foul Ball, location: 2F 1-2: Ground out 5-3 (Groundball, 56S, EV 83.1 MPH)
|
Top of the 9th over - 0 runs, 0 hits, 0 errors, 0 left on base; San Francisco 5 - Washington 7 |
|